 Dungeon Crawl Stone Soup version 0.31-a0-640-g39d97e502b (webtiles) character file.

Game seed: 12220652234506741902

37108 Shayle the Fighter (level 13, 0/146 HPs)
             Began as an Ogre Shapeshifter on Aug 28, 2023.
             Was a Priest of Ashenzari.
             Succumbed to a cane toad's poison
             ... on level 4 of the Lair of Beasts on Aug 29, 2023.
             The game lasted 01:12:35 (22852 turns).

Shayle the Fighter (Ogre Shapeshifter)             Turns: 22852, Time: 01:12:35

Health: 0/146      AC: 11    Str: 21    XL:     13   Next: 94%
Magic:  7/26       EV:  8    Int: 15    God:    Ashenzari [***...]
Gold:   609        SH:  8    Dex:  8    Spells: 23/31 levels left

rFire   . .          .
                       - Unarmed
rCold   + . .        y - +0 kite shield of Desmomancy {Elem, Self} (curse)
rNeg    . . .        x - +5 steam dragon scales of the Fated Submission {Bglg, Elem} (curse)
rPois   .            (helmet currently unavailable)
rElec   .            (cloak currently unavailable)
rCorr   .            (gloves unavailable)
SInv    +            (boots unavailable)
Will    +....        e - amulet "Share My Shame" {Spirit, Comp, Dev} (curse)
Stlth   +            u - ring of the Shattered Welkin {SInv, Bglg, Alch} (curse)
HPRegen 0.44/turn    E - ring of protection from cold
MPRegen 0.20/turn

%: clarity, guardian spirit
@: lethally poisoned (0 -> -35), beast-form
A: beast (slay +4), large, unfitting armour, tough skin 1
a: Begin Untransformation, Renounce Religion, Curse Item, Shatter the Chains


You were on level 4 of the Lair of Beasts.
You worshipped Ashenzari.
Ashenzari was most pleased with you.
You were a hulking beast.
You visited 3 branches of the dungeon, and saw 16 of its levels.

You collected 740 gold pieces.
You spent 131 gold pieces at shops.

Inventory:

Hand Weapons
 b - a +3 morningstar of draining
 h - the +3 hand axe "Grim" {protect, rC- SInv Stlth+}
   (You found it on level 2 of the Lair of Beasts)

   rC-:       It makes you vulnerable to cold.
   SInv:      It lets you see invisible.
   Stlth+:    It makes you more stealthy.
 o - a +4 scimitar of flaming
 p - a +2 heavy broad axe
 A - a +4 whip of venom
 D - the +8 longbow "Zephyr" {speed, Dex+3 SInv}
   (You found it on level 2 of the Lair of Beasts)

   Dex+3:     It affects your dexterity (+3).
   SInv:      It lets you see invisible.
Armour
 a - a +0 animal skin
 l - +0 acid dragon scales
 x - the cursed +5 steam dragon scales of the Fated Submission (worn) {Bglg, Elem}
   (You found it on level 8 of the Dungeon)

   It has a curse which improves the following skills: Beguiling: Conjurations,
   Hexes and Translocations.
   Elements:  Fire Magic, Ice Magic, Air Magic and Earth Magic.
 y - the cursed +0 kite shield of Desmomancy (worn) {Elem, Self}
   (You found it on level 9 of the Dungeon)

   It has a curse which improves the following skills: Elements: Fire Magic, Ice
   Magic, Air Magic and Earth Magic.
   Introspection: Fighting and Spellcasting.
Jewellery
 e - the cursed amulet "Share My Shame" (around neck) {Spirit, Comp, Dev}
   (You found it on level 1 of the Dungeon)

   [amulet of guardian spirit]

   Spirit:    It causes incoming damage to be divided between your reserves of
   health and magic.
   It has a curse which improves the following skills: Companions: Summonings
   and Necromancy.
   Devices:   Evocations and Shapeshifting.
 u - the cursed ring of the Shattered Welkin (left hand) {SInv, Bglg, Alch}
   (You found it on level 5 of the Dungeon)

   [ring of see invisible]

   SInv:      It lets you see invisible.
   It has a curse which improves the following skills: Beguiling: Conjurations,
   Hexes and Translocations.
   Alchemy:   Poison Magic and Transmutations.
 v - a ring of ice
 w - an amulet of magic regeneration
 E - a ring of protection from cold (right hand)
 F - a +6 ring of dexterity
 G - a +4 ring of slaying
Talismans
 c - a beast talisman (active)
 d - a flux talisman
Scrolls
 g - a scroll of teleportation
 i - 2 scrolls of revelation
 k - 5 scrolls of amnesia
 m - 2 scrolls of noise
 q - a scroll of immolation
 s - 2 scrolls of silence
 z - a scroll of poison
 B - a scroll of enchant armour
Potions
 f - 4 potions of brilliance
 j - 2 potions of cancellation
 n - a potion of enlightenment
 t - 2 potions of attraction
 C - 2 potions of mutation


   Skills:
 - Level 12.6(14.0) Fighting
 - Level 1.7 Dodging
 * Level 4.3 Shields
 - Level 10.4 Unarmed Combat
 - Level 8.0(9.5) Spellcasting
 + Level 3.6(5.6) Conjurations
 - Level 7.7(9.2) Necromancy
 - Level 3.5(5.5) Fire Magic
 + Level 3.6(5.6) Air Magic
 + Level 6.2(8.4) Earth Magic
 - Level 3.3(4.6) Poison Magic
 - Level 9.4(10.9) Shapeshifting


You had 23 spell levels left.
You knew the following spells:

 Your Spells              Type           Power      Damage    Failure   Level
a - Vampiric Draining     Necr           34%        2d8       1%          3
b - Mephitic Cloud        Conj/Pois/Air  23%        N/A       8%          3
c - Call Imp              Summ           14%        N/A       32%         2

Your spell library contained the following spells:

 Spells                   Type           Power      Damage    Failure   Level
 Magic Dart               Conj           96%        1d7       2%          1
 Slow                     Hex            32%        N/A       21%         1
 Summon Small Mammal      Summ           28%        N/A       22%         1
 Confusing Touch          Hex            8%         N/A       52%         3
 Portal Projectile        Hex/Tloc       16%        N/A       52%         3
 Tukima's Dance           Hex            8%         N/A       52%         3
 Call Canine Familiar     Summ           7%         N/A       54%         3
 Summon Guardian Golem    Hex/Summ       7%         N/A       54%         3
 Iskenderun's Mystic Bla  Conj/Tloc      16%        2d5       56%         4
 Silence                  Hex/Air        8%         N/A       88%         5
 Passage of Golubria      Tloc           8%         N/A       90%         4
 Conjure Ball Lightning   Conj/Air       12%        3x3d6     98%         6
 Discord                  Hex            4%         N/A       100%        8
 Disjunction              Tloc           4%         N/A       100%        8
 Lehudib's Crystal Spear  Conj/Erth      14%        10d5      100%        8


Dungeon Overview and Level Annotations

Branches:
Dungeon (11/15)            Temple (1/1) D:5            Lair (4/5) D:10
 Shoals (0/4) Lair:3       Spider (0/4) Lair:2
  Slime: Lair:4-5       Orc: D:9-12

Altars:
Ashenzari
Cheibriados
Dithmenos
Elyvilon
Fedhas
Gozag
Hepliaklqana
Kikubaaqudgha
Makhleb
Nemelex Xobeh
Okawaru
Qazlal
Ru
Sif Muna
Trog
Uskayaw
Vehumet
Wu Jian
Xom
Yredelemnul
Zin
The Shining One

Shops:
D:6 *

Annotations:
D:7 1 runed translucent door, Age's ghost, novice MiFi
D:9 Jeremiah


Innate Abilities, Weirdness & Mutations

You are a hulking beast.
Your limbs bulge with bestial killing power. (Slay +4)
You are too large for most types of armour.
You have tough skin. (AC +1)


Message History

You punch the cane toad!
The cane toad is moderately wounded.
You feel very sick. The cane toad stings you!
* * * LOW HITPOINT WARNING * * *
You are more poisoned.
The cane toad poisons you!
You punch the cane toad!
The cane toad is heavily wounded.
* * * LOW HITPOINT WARNING * * *
You feel extremely sick. The cane toad stings you.
* * * LOW HITPOINT WARNING * * *
Unknown command.
You punch the cane toad!
The cane toad is almost dead.
* * * LOW HITPOINT WARNING * * *
You feel extremely sick. The cane toad stings you!
* * * LOW HITPOINT WARNING * * *
You are more poisoned.
The cane toad poisons you!
You hit the cane toad.
The cane toad is almost dead.
* * * LOW HITPOINT WARNING * * *
You feel extremely sick.
The cane toad stings you but does no damage.
The six-headed hydra closely misses your butterfly.
The six-headed hydra completely misses your butterfly.
The six-headed hydra misses your butterfly.
The six-headed hydra bites your butterfly!
Your butterfly dies!
Your butterfly disappears in a burst of colours!
The six-headed hydra bites your butterfly!
Your butterfly dies!
Your butterfly disappears in a burst of colours!
Okay, then.
You barely miss the cane toad.
The cane toad is almost dead.
You die...

....#..b..#.#.............
....#..bb.D...............
.....b#.8.#..b.....b......
.......b....#..b..........
...#.#.....b.bb.b........
...##...b..#b.b{.b.b.....
..
###+###......bb...........
.....###F#b.b..........#
.####..#.8h###P###.#P...##
......#..÷..#########...P##
..8......<.8..#..PP##.....#
....................+...P#
##...#..8.##......#....#
....#...##.#.......+...##
.+####÷.†.###.####.#....# .
#.<.##########.....#
#.#...#.####..###...##.


You could see a six-headed hydra (ally target) and a cane toad.

Vanquished Creatures
  An ogre mage (D:11)
  2 hydras
  Erica (Lair:1)
  2 two-headed ogres
  7 death yaks
  3 deep elf pyromancers
  A manticore (D:10)
  3 black mambas
  Maggie (Lair:1)
  2 rime drakes
  8 cane toads
  An unseen horror (D:8)
  6 komodo dragons
  3 trolls
  Prince Ribbit (D:9)
  A polar bear (Lair:3)
  2 hornets (D:8)
  14 blink frogs
  A spriggan (Lair:2)
  A shadow (D:10)
  A wraith (D:9)
  3 wyverns
  17 yaks
  4 basilisks
  2 steam dragons
  2 redbacks (Lair:2)
  2 acid dragons
  6 water moccasins
  A swamp drake (D:10)
  5 orc warriors
  3 ice beasts
  2 sky beasts (D:7)
  2 black bears
  An ogre (D:6)
  15 wolves
  3 centaurs
  4 phantoms
  A kobold brigand (D:7)
  Blork the orc (D:4)
  11 bullfrogs
  2 scorpions
  5 wights (D:10)
  9 killer bees
  7 howler monkeys
  A crimson imp (D:10)
  3 hounds
  2 jellies
  2 orc priests
  An iron imp (D:10)
  Jessica (D:2)
  Ijyb (D:5)
  Terence (D:2)
  2 iguanas
  9 orc wizards
  4 sleepcaps
  2 gnolls (D:9)
  7 adders
  2 shadow imps
  2 white imps
  An ufetubus (D:5)
  4 worms
  3 dart slugs
  61 orcs
  5 bats
  13 endoplasms
  2 giant cockroaches
  5 goblins
  3 hobgoblins
  13 kobolds
  3 quokkas
  4 ball pythons
  2 frilled lizards
  7 rats
336 creatures vanquished.

Vanquished Creatures (collateral kills)
  A troll (D:10)
  A wolf (Lair:1)
  A kobold brigand (D:8)
  3 wights (D:6)
  An electric eel (D:10)
  2 hounds (D:10)
  A jelly (D:8)
  2 kobolds (D:8)
12 creatures vanquished.

Vanquished Creatures (others)
  A black mamba (Lair:1)
  3 cane toads (Lair:1)
  2 vampire mosquitoes (D:6)
  An acid dragon (D:10)
  2 water moccasins (Lair:1)
  A wolf (Lair:1)
  An orc priest (D:10)
  2 orc wizards (D:10)
  4 orcs (D:10)
17 creatures vanquished.

Grand Total: 365 creatures vanquished

Notes
Turn   | Place    | Note
-------+----------+-------------------------------------------
     0 | D:1      | Shayle the Ogre Shapeshifter began the quest for the Orb.
     0 | D:1      | Reached XP level 1. HP: 19/19 MP: 1/1
   206 | D:1      | Reached XP level 2. HP: 26/28 MP: 2/2
   245 | D:1      | Reached skill level 2 in Fighting
   287 | D:1      | Found a faded altar of an unknown god.
   679 | D:1      | Reached XP level 3. HP: 36/36 MP: 3/3
  1095 | D:2      | Noticed Jessica
  1103 | D:2      | Killed Jessica
  1104 | D:2      | Reached skill level 3 in Fighting
  1104 | D:2      | Reached XP level 4. HP: 36/45 MP: 4/4
  1143 | D:2      | Noticed Terence
  1152 | D:2      | Killed Terence
  1450 | D:2      | Reached XP level 5. HP: 49/53 MP: 5/5
  1584 | D:2      | Reached skill level 4 in Fighting
  1602 | D:2      | Found a sparkling altar of Nemelex Xobeh.
  1710 | D:2      | Identified the +0 pair of gloves "Iraora" {rF+++ Str+3 SInv
                  | Stlth+}
  1806 | D:3      | Found a basalt altar of Yredelemnul.
  1941 | D:3      | Noticed a black bear
  1947 | D:3      | Killed a black bear
  1948 | D:3      | Reached XP level 6. HP: 23/63 MP: 6/6
  2863 | D:4      | Found a blossoming altar of Fedhas.
  2995 | D:4      | Noticed Blork the orc
  3001 | D:4      | Killed Blork the orc
  3002 | D:4      | Reached skill level 5 in Fighting
  3197 | D:4      | Found a glowing silver altar of Zin.
  3419 | D:4      | Reached XP level 7. HP: 13/72 MP: 7/7
  3643 | D:4      | You fall into a shaft and drop 1 floor!
  3643 | D:5      | Entered Level 5 of the Dungeon
  3706 | D:5      | Noticed Ijyb
  3724 | D:5      | Killed Ijyb
  3743 | D:5      | Reached skill level 5 in Shapeshifting
  3934 | D:5      | Reached skill level 6 in Fighting
  4143 | D:5      | Reached skill level 5 in Unarmed Combat
  4327 | D:5      | Reached XP level 8. HP: 52/84 MP: 5/8
  4534 | D:5      | Found a staircase to the Ecumenical Temple.
  4550 | Temple   | Entered the Ecumenical Temple
  4557 | Temple   | Became a worshipper of Ashenzari the Shackled
  4599 | D:5      | Reached skill level 7 in Fighting
  5245 | D:6      | Reached skill level 8 in Fighting
  5607 | D:6      | Reached XP level 9. HP: 71/97 MP: 4/9
  5981 | D:6      | Found Yfuani's Assorted Antiques.
  5988 | D:6      | Bought a scroll labelled ZAUMENL VUATH for 19 gold pieces
  5988 | D:6      | Bought a fuming dark potion for 17 gold pieces
  5988 | D:6      | Bought a scroll labelled RAICOA VUXTUTT for 19 gold pieces
  5988 | D:6      | Bought a scroll of identify for 38 gold pieces
  5988 | D:6      | Bought a scroll of identify for 38 gold pieces
  6303 | D:6      | Found a burning altar of Makhleb.
  6390 | D:6      | Reached skill level 9 in Fighting
  6505 | D:7      | Found a hide-covered altar of Uskayaw.
  6814 | D:7      | Found a runed translucent door.
  6814 | D:7      | Noticed Age's ghost (novice MiFi)
  6970 | D:7      | Reached * piety under Ashenzari
  7986 | D:8      | Noticed a hornet
  8021 | D:8      | Reached skill level 10 in Fighting
  8038 | D:8      | Killed a hornet
  8171 | D:8      | Noticed a hornet
  8384 | D:8      | Found a glowing golden altar of the Shining One.
  8622 | D:8      | Killed a hornet
  8623 | D:8      | Reached XP level 10. HP: 97/111 MP: 7/10
  8704 | D:8      | Found a sparkling altar of Nemelex Xobeh.
  8707 | D:8      | Noticed an unseen horror
  8724 | D:8      | Killed an unseen horror
  8929 | D:8      | Reached skill level 11 in Fighting
  9238 | D:9      | Found a sacrificial altar of Ru.
  9341 | D:9      | Noticed Jeremiah
  9473 | D:9      | Noticed a cyclops
  9761 | D:9      | Found a shimmering altar of Xom.
  9765 | D:9      | Noticed Prince Ribbit
  9803 | D:9      | Killed Prince Ribbit
 10219 | D:10     | Entered Level 10 of the Dungeon
 10378 | D:10     | Noticed a two-headed ogre
 10408 | D:10     | Killed a two-headed ogre
 10809 | D:9      | Reached skill level 12 in Fighting
 11424 | D:10     | Noticed a manticore
 11430 | D:10     | Reached skill level 10 in Unarmed Combat
 11430 | D:10     | Reached skill level 5 in Spellcasting
 11430 | D:10     | Reached XP level 11. HP: 37/124 MP: 6/19
 11764 | D:10     | Reached XP level 12. HP: 119/133 MP: 17/20
 11866 | D:10     | Found a staircase to the Lair.
 11904 | D:10     | Found a hazy altar of Hepliaklqana.
 12423 | D:10     | Reached ** piety under Ashenzari
 12700 | D:10     | Reached skill level 1 in Fire Magic
 12700 | D:10     | Reached skill level 1 in Earth Magic
 13189 | D:11     | Reached skill level 5 in Necromancy
 13284 | D:11     | Noticed a two-headed ogre
 13295 | D:11     | Killed a two-headed ogre
 13390 | D:11     | Noticed a four-headed hydra
 13403 | D:11     | Noticed an ogre mage
 13406 | D:11     | Killed a four-headed hydra
 13415 | D:11     | Killed an ogre mage
 13432 | D:11     | Learned a level 3 spell: Vampiric Draining
 13671 | Lair:1   | Entered Level 1 of the Lair of Beasts
 14233 | Lair:1   | Learned a level 3 spell: Mephitic Cloud
 14236 | Lair:1   | Learned a level 2 spell: Call Imp
 14238 | Lair:1   | Noticed Maggie
 14263 | Lair:1   | Killed Maggie
 15286 | Lair:1   | Noticed Erica
 15310 | Lair:1   | Killed Erica
 16096 | Lair:1   | Reached *** piety under Ashenzari
 16362 | Lair:2   | Identified the +3 hand axe "Grim" {protect, rC- SInv
                  | Stlth+}
 16446 | Lair:2   | Reached skill level 5 in Earth Magic
 16615 | Lair:2   | Reached XP level 13. HP: 146/146 MP: 25/25
 16621 | Lair:2   | Found the +8 longbow "Zephyr" {speed, Dex+3 SInv}
 18945 | Lair:2   | Found a hole to the Spider Nest.
 19184 | Lair:2   | Reached skill level 1 in Conjurations
 19184 | Lair:2   | Reached skill level 1 in Air Magic
 19289 | Lair:3   | Reached skill level 1 in Poison Magic
 19297 | Lair:3   | Reached skill level 1 in Shields
 19738 | Lair:3   | Found a staircase to the Shoals.
 22851 | Lair:4   | HP: 7/146 [poisoned by a cane toad]
 22852 | Lair:4   | Succumbed to a cane toad's poison

Illustrated notes

Levels and vault maps discovered:
D:1:      minmay_arrival_jagged, layout_basic, nicolae_ecumenical_lake_church,
          hangedman_feature_mirror
D:2:      layout_basic, basic_altar, minmay_misc_feat_four_crosses, st_stairs_6,
          minmay_pentomino_s4, uniq_terence, uniq_jessica
D:3:      layout_loops_cross, mainiacjoe_overflow_boulevard
D:4:      layout_loops_corners, nicolae_overflow_crystal_walls, zin_academy,
          st_stairs_6, item_on_display_a, uniq_blork_the_orc
D:5:      layout_loops_corners, minmay_temple_entry_large_hall, uniq_ijyb
D:6:      layout_basic, lightli_temple_of_fire, serial_shops,
          nicolae_shop_trees, hangedman_decor_peaks_small
D:7:      layout_loops_ring, eat_drink_and_be_merry_uskayaw,
          hellmonk_ghost_happy_afterlife
D:8:      layout_basic, mainiacjoe_overflow_surrounded_room,
          nemelex_xobeh_ov_fountains_minmay,
          hangedman_abyss_or_decor_jellyfish_corner
D:9:      layout_long_grid, xom_teletrap_fun,
          mainiacjoe_overflow_small_starburst, special_room [special_room_orc],
          nicolae_titane, uniq_jeremiah, uniq_prince_ribbit1
D:10:     layout_loops_cross, general_overflow_altar, erik_lair_island,
          serial_bayou_ford_a, hangedman_minor_magic
D:11:     minmay_tri_box, layout_loops_ring, david_orc_5,
          hangedman_weighted_door
Temple:   nicolae_temple_x_marks_the_god
Lair:1:   layout_hall_layers, mumra_transporter_accident, beast_lair_carwin_11,
          grunt_megastairs_4, infiniplex_staircase_pool_2, uniq_erica,
          uniq_maggie
Lair:2:   layout_regular_city, spider_nest_entry_webs,
          hangedman_lair_unloving_vines, grunt_forest_large_clearing_hut
Lair:3:   layout_roguey, elwin_shoals_entry_rocks, grunt_megastairs_5,
          serial_bayou_shore_b
Lair:4:   layout_regular_city, minmay_slime_entry_pillars, grunt_megastairs_1

Skill      XL: |  1  2  3  4  5  6  7  8  9 10 11 12 13 |
---------------+----------------------------------------+-----
Fighting       | 2 3 4 5 6 8 10 12 | 12.6
Unarmed Combat | 3 4 5 6 7 10 | 10.4
Shapeshifting  | 4 5 6 8 9 |  9.4
Spellcasting   | 5 6 8 |  8.0
Necromancy     | 4 6 7 |  7.7
Fire Magic     | 3 |  3.5
Earth Magic    | 5 6 |  6.2
Conjurations   | 3 |  3.6
Air Magic      | 3 |  3.6
Poison Magic   | 3 |  3.3
Shields        | 4 |  4.3
Dodging        | |  1.7

Action                     |  1- 3 |  4- 6 |  7- 9 | 10-12 | 13-15 || total
---------------------------+-------+-------+-------+-------+-------++-------
  Melee: Unarmed           |    80 |     5 |       |       |   309 ||   394
         Punch             |     1 |     1 |    13 |       |       ||    15
         Morningstar       |       |   129 |   220 |   105 |       ||   454
         Whip              |       |       |       |   331 |       ||   331
         Broad axe         |       |       |       |    25 |    75 ||   100
         Scimitar          |       |       |       |     2 |    15 ||    17
  Throw: Dart              |       |       |       |     6 |       ||     6
   Cast: Vampiric Draining |       |       |       |    16 |    15 ||    31
 Invoke: Curse Item        |       |       |     2 |     2 |       ||     4
  Evoke: Wand              |       |       |    12 |    23 |       ||    35
    Use: Potion            |       |     2 |     8 |     7 |     2 ||    19
         Scroll            |       |     1 |    11 |    12 |     4 ||    28
   Stab: Sleeping          |     1 |       |       |       |       ||     1
         Invisible         |       |       |     2 |       |       ||     2
         Distracted        |       |       |       |       |     1 ||     1
 Armour: Animal skin       |    19 |    53 |    64 |     4 |       ||   140
         Skin              |       |     3 |       |       |       ||     3
         Steam dragon scal |       |       |       |   258 |   192 ||   450
  Dodge: Dodged            |    36 |    79 |   129 |   275 |   158 ||   677
  Block: Kite shield       |       |       |       |   133 |   140 ||   273

Table legend: (Time is in decaauts)
 A = Elapsed time spent in this place.
 B = Non-inter-level travel time spent in this place.
 C = Inter-level travel time spent in this place.
 D = Time resting spent in this place.
 E = Time spent auto-exploring this place.
 F = Levels seen in this place.
 G = Mean time per level.
                   A        B        C        D        E       F      G
               +--------+--------+--------+--------+--------+-----+--------+
         Total |  23334 |  22471 |    863 |   7643 |   9839 |  16 | 1458.4 |
       Dungeon |  14451 |  13796 |    655 |   3628 |   7058 |  11 | 1313.7 |
        Temple |     14 |     14 |      0 |      0 |      0 |   1 |   14.0 |
          Lair |   8868 |   8660 |    208 |   4015 |   2781 |   4 | 2217.0 |
               +--------+--------+--------+--------+--------+-----+--------+

Top non-repeatable levels by time:
  Lair:1: 3720 daAuts
    D:10: 2790 daAuts
  Lair:3: 2669 daAuts
  Lair:2: 2235 daAuts
     D:6: 2188 daAuts
     D:8: 1507 daAuts
     D:9: 1417 daAuts
     D:7: 1192 daAuts
     D:5: 1170 daAuts
     D:4: 1136 daAuts
     D:1: 948 daAuts
     D:2: 846 daAuts
     D:3: 771 daAuts
    D:11: 482 daAuts
  Lair:4: 242 daAuts
